ITL
CHATTANOOGA CHINPOKOMON @ AMARILLO ARCHDUKES
08/14/2029
 
TOP OF THE 1ST
Chattanooga Chinpokomon batting - Pitching for Amarillo Archdukes : RHP Robinson Alomar
Pitching: RHP Robinson Alomar
Batting: LHB Elvin Summers 0-0: Ball
1-0: Ball
2-0: Called Strike
2-1: Ball
3-1: SINGLE (Line Drive, 34)
Batting: RHB Luis Antonio Velásquez 0-0: Foul Ball, location: 2F
0-1: Called Strike
Elvin Summers steals 2nd base
0-2: Ball
1-2: Ball
2-2: Strikes out swinging
Batting: RHB Cristo García 0-0: Called Strike
0-1: Ball
1-1: Swinging Strike
1-2: Fly out, F3 (Popup, 34)
Batting: LHB José Costa 0-0: Called Strike
0-1: Called Strike
0-2: Strikes out swinging
Top of the 1st over - 0 runs, 1 hit, 0 errors, 1 left on base; Chattanooga 0 - Amarillo 0
BOTTOM OF THE 1ST
Amarillo Archdukes batting - Pitching for Chattanooga Chinpokomon : RHP Ricardo Quiñones
Pitching: RHP Ricardo Quiñones
Batting: LHB Earl Wigfall 0-0: Called Strike
0-1: Ball
1-1: Fly out, F9 (Flyball, 9)
Batting: LHB Edwin Ryan 0-0: Called Strike
0-1: Swinging Strike
0-2: Ball
1-2: Ball
2-2: Strikes out swinging
Batting: RHB Dennis Garner 0-0: Ball
1-0: Foul Ball, location: 2F
1-1: Swinging Strike
1-2: Ball
2-2: Strikes out looking
Bottom of the 1st over - 0 runs, 0 hits, 0 errors, 0 left on base; Chattanooga 0 - Amarillo 0
TOP OF THE 2ND
Chattanooga Chinpokomon batting - Pitching for Amarillo Archdukes : RHP Robinson Alomar
Batting: RHB Patrick Potts 0-0: Ball
1-0: Ball
2-0: Called Strike
2-1: Ball
3-1: Foul Ball, location: 2F
3-2: Base on Balls
Batting: RHB Ricardo Salazar 0-0: Called Strike
0-1: Swinging Strike
0-2: Fly out, F3 (Popup, 34S)
Batting: RHB Ichizo Akiyama 0-0: Called Strike
0-1: Ball
1-1: Fielders Choice at 2nd, 1-4 (Groundball, 15S)
Batting: SHB Roberto Rivera 0-0: Called Strike
0-1: Called Strike
0-2: Fly out, F3 (Popup, 3SF)
Top of the 2nd over - 0 runs, 0 hits, 0 errors, 1 left on base; Chattanooga 0 - Amarillo 0
BOTTOM OF THE 2ND
Amarillo Archdukes batting - Pitching for Chattanooga Chinpokomon : RHP Ricardo Quiñones
Batting: LHB Michael Cook 0-0: Swinging Strike
0-1: Called Strike
0-2: Ball
1-2: Ball
2-2: Ball
3-2: Base on Balls
Batting: LHB John Frost 0-0: Called Strike
0-1: Swinging Strike
0-2: Foul Ball, location: 2F
0-2: Ball
1-2: Foul Ball, location: 2F
1-2: Foul Ball, location: 2F
1-2: Foul Ball, location: 2F
1-2: Ball
2-2: Foul Ball, location: 2F
2-2: Foul Ball, location: 2F
2-2: Ground out 4-3 (Groundball, 34)
Michael Cook to second
Batting: LHB José Martínez 0-0: Ball
1-0: 2-RUN HOME RUN (Flyball, 9LD), Distance : 335 ft
Batting: RHB Rich Henley 0-0: Ball
1-0: Called Strike
1-1: Ball
2-1: SINGLE (Groundball, 6D)
Batting: SHB Jeff Chambers 0-0: Ball
1-0: Foul Ball, location: 2F
1-1: Ball
2-1: Foul Ball, location: 2F
2-2: Ball
3-2: Strikes out swinging
Batting: RHB Curt Wagner 0-0: Ball
1-0: Foul Ball, location: 2F
1-1: Ball
2-1: Ground out 4-3 (Groundball, 4)
Bottom of the 2nd over - 2 runs, 2 hits, 0 errors, 1 left on base; Chattanooga 0 - Amarillo 2
TOP OF THE 3RD
Chattanooga Chinpokomon batting - Pitching for Amarillo Archdukes : RHP Robinson Alomar
Batting: RHB Jesús Tisnado 0-0: Fly out, F9 (Line Drive, 9)
Batting: LHB Elvin Summers 0-0: Called Strike
0-1: Called Strike
0-2: Ball
1-2: Ground out 1-3 (Groundball, 15S)
Batting: RHB Luis Antonio Velásquez 0-0: Ball
1-0: SINGLE (Flyball, 9LS)
Batting: RHB Cristo García 0-0: Ball
1-0: Foul Ball, location: 2F
1-1: SINGLE (Groundball, 56D)
Luis Antonio Velásquez to second
Batting: LHB José Costa 0-0: Ball
1-0: Ball
2-0: Foul Ball, location: 2F
2-1: Called Strike
2-2: Strikes out swinging
Top of the 3rd over - 0 runs, 2 hits, 0 errors, 2 left on base; Chattanooga 0 - Amarillo 2
BOTTOM OF THE 3RD
Amarillo Archdukes batting - Pitching for Chattanooga Chinpokomon : RHP Ricardo Quiñones
Batting: LHB Earl Wigfall 0-0: Ball
1-0: SINGLE (Groundball, 6S) (infield hit)
Pitching: LHP Bob Quested
Batting: LHB Edwin Ryan 0-0: Ball
1-0: Ball
2-0: Ball
3-0: Called Strike
3-1: Foul Ball, location: 2F
3-2: SINGLE (Groundball, 3S) (infield hit)
Earl Wigfall to second
Batting: RHB Dennis Garner 0-0: Grounds into double play, 5-4-3 (Groundball, 56)
Earl Wigfall to third
Batting: LHB Michael Cook 0-0: Foul Ball, location: 2F
0-1: Fly out, F8 (Line Drive, 8LS)
Bottom of the 3rd over - 0 runs, 2 hits, 0 errors, 1 left on base; Chattanooga 0 - Amarillo 2
TOP OF THE 4TH
Chattanooga Chinpokomon batting - Pitching for Amarillo Archdukes : RHP Robinson Alomar
Batting: RHB Patrick Potts 0-0: Called Strike
0-1: Ball
1-1: Ball
2-1: Ground out 4-3 (Groundball, 34)
Batting: RHB Ricardo Salazar 0-0: Fly out, F4 (Popup, 4S)
Batting: RHB Ichizo Akiyama 0-0: Swinging Strike
0-1: Foul Ball, location: 2F
0-2: Strikes out swinging
Top of the 4th over - 0 runs, 0 hits, 0 errors, 0 left on base; Chattanooga 0 - Amarillo 2
BOTTOM OF THE 4TH
Amarillo Archdukes batting - Pitching for Chattanooga Chinpokomon : LHP Bob Quested
Batting: LHB John Frost 0-0: Ball
1-0: Ball
2-0: Called Strike
2-1: Ball
3-1: Swinging Strike
3-2: Foul Ball, location: 2F
3-2: Base on Balls
Batting: LHB José Martínez 0-0: Called Strike
0-1: Ball
1-1: Foul Ball, location: 2F
1-2: Foul Ball, location: 2F
1-2: Ball
2-2: Foul Ball, location: 2F
2-2: Ball
3-2: 2-RUN HOME RUN (Flyball, 9D), Distance : 339 ft
Batting: RHB Rich Henley 0-0: Ball
1-0: Called Strike
1-1: Swinging Strike
1-2: Strikes out swinging
Batting: SHB Jeff Chambers 0-0: Called Strike
0-1: Ball
1-1: Ball
2-1: Ground out 6-3 (Groundball, 6)
Batting: RHB Curt Wagner 0-0: Called Strike
0-1: Ball
1-1: Fly out, F8 (Line Drive, 89S)
Bottom of the 4th over - 2 runs, 1 hit, 0 errors, 0 left on base; Chattanooga 0 - Amarillo 4
TOP OF THE 5TH
Chattanooga Chinpokomon batting - Pitching for Amarillo Archdukes : RHP Robinson Alomar
Batting: SHB Roberto Rivera 0-0: Ball
1-0: Foul Ball, location: 2F
1-1: Fly out, F7 (Flyball, 78D)
Batting: RHB Jesús Tisnado 0-0: Ball
1-0: Called Strike
1-1: Fly out, F9 (Flyball, 9)
Batting: LHB Elvin Summers 0-0: Ball
1-0: Ball
2-0: Called Strike
2-1: Ground out 4-3 (Groundball, 4)
Top of the 5th over - 0 runs, 0 hits, 0 errors, 0 left on base; Chattanooga 0 - Amarillo 4
BOTTOM OF THE 5TH
Amarillo Archdukes batting - Pitching for Chattanooga Chinpokomon : LHP Bob Quested
Batting: LHB Earl Wigfall 0-0: Called Strike
0-1: Foul Ball, location: 2F
0-2: Strikes out swinging
Batting: LHB Edwin Ryan 0-0: Ball
1-0: SINGLE (Groundball, 4MS) (infield hit)
Batting: RHB Dennis Garner 0-0: Ball
1-0: SINGLE (Flyball, 8RS)
Edwin Ryan to second
Runner from 2nd tries for 3rd, SAFE, no throw
Batting: LHB Michael Cook 0-0: Called Strike
Dennis Garner steals 2nd base
0-1: Ball
1-1: Called Strike
1-2: Foul Ball, location: 2F
1-2: Ground out 6-3 (Groundball, 6M)
Batting: LHB John Frost 0-0: Called Strike
0-1: Ground out 4-3 (Groundball, 4)
Bottom of the 5th over - 0 runs, 2 hits, 0 errors, 2 left on base; Chattanooga 0 - Amarillo 4
TOP OF THE 6TH
Chattanooga Chinpokomon batting - Pitching for Amarillo Archdukes : RHP Robinson Alomar
Batting: RHB Luis Antonio Velásquez 0-0: Ball
1-0: Ball
2-0: Called Strike
2-1: SINGLE (Groundball, 4MD)
Batting: RHB Cristo García 0-0: Called Strike
0-1: Ball
1-1: Foul Ball, location: 2F
1-2: Strikes out looking
Batting: LHB José Costa 0-0: Ball
1-0: Fly out, F7 (Flyball, 7LSF)
Batting: RHB Patrick Potts 0-0: Ball
1-0: Ball
2-0: Ball
3-0: Foul Ball, location: 2F
3-1: Called Strike
3-2: Ground out 4-3 (Groundball, 4)
Top of the 6th over - 0 runs, 1 hit, 0 errors, 1 left on base; Chattanooga 0 - Amarillo 4
BOTTOM OF THE 6TH
Amarillo Archdukes batting - Pitching for Chattanooga Chinpokomon : LHP Bob Quested
Batting: LHB José Martínez 0-0: Ball
1-0: Ball
2-0: Called Strike
2-1: Ball
3-1: Base on Balls
Pitching: RHP Alejandro Hernández
Batting: RHB Rich Henley 0-0: Ball
1-0: Ball
2-0: Called Strike
2-1: Foul Ball, location: 2F
2-2: Strikes out swinging
Batting: SHB Jeff Chambers 0-0: Called Strike
0-1: Ball
1-1: Called Strike
1-2: Ball
2-2: Strikes out looking
Batting: RHB Curt Wagner 0-0: Ball
1-0: Foul Ball, location: 2F
1-1: Ball
2-1: Swinging Strike
2-2: Ball
3-2: SINGLE (Groundball, 4D)
José Martínez to second
José Martínez to third
Batting: LHB Earl Wigfall 0-0: Foul Ball, location: 2F
0-1: Ball
1-1: Foul Ball, location: 2F
1-2: Ball
2-2: Ball
3-2: Base on Balls
Curt Wagner to second
Batting: LHB Edwin Ryan 0-0: Ball
1-0: Swinging Strike
1-1: Called Strike
1-2: Strikes out swinging
Bottom of the 6th over - 0 runs, 1 hit, 0 errors, 3 left on base; Chattanooga 0 - Amarillo 4
TOP OF THE 7TH
Chattanooga Chinpokomon batting - Pitching for Amarillo Archdukes : RHP Robinson Alomar
Batting: RHB Ricardo Salazar 0-0: Ground out 6-3 (Groundball, 6)
Batting: RHB Ichizo Akiyama 0-0: Called Strike
0-1: Foul Ball, location: 2F
0-2: Ball
1-2: Strikes out swinging
Batting: SHB Roberto Rivera 0-0: Fly out, F4 (Line Drive, 4)
Top of the 7th over - 0 runs, 0 hits, 0 errors, 0 left on base; Chattanooga 0 - Amarillo 4
BOTTOM OF THE 7TH
Amarillo Archdukes batting - Pitching for Chattanooga Chinpokomon : RHP Alejandro Hernández
Batting: RHB Dennis Garner 0-0: Called Strike
0-1: Ball
1-1: Ball
2-1: Ball
3-1: Base on Balls
Batting: LHB Michael Cook 0-0: Called Strike
0-1: Ball
1-1: Ball
2-1: Called Strike
Dennis Garner steals 2nd base
2-2: Ball
3-2: Intentional Walk
Batting: LHB John Frost 0-0: SINGLE (Line Drive, 34D)
Dennis Garner to third
Michael Cook to second
Batting: LHB José Martínez 0-0: Ball
1-0: Ball
2-0: Ball
3-0: Base on Balls
Dennis Garner scores
Michael Cook to third
John Frost to second
Batting: RHB Rich Henley 0-0: Ball
1-0: Called Strike
1-1: DOUBLE (Flyball, 8LXD)
Michael Cook scores
John Frost scores
José Martínez to third
Batting: SHB Jeff Chambers 0-0: Ball
1-0: Ball
2-0: Called Strike
2-1: DOUBLE (Line Drive, 78D)
José Martínez scores
Rich Henley scores
Pitching: LHP Félix García
Batting: RHB Curt Wagner 0-0: Called Strike
0-1: Ball
1-1: Ball
2-1: Foul Ball, location: 2F
2-2: Fly out, F4 (Popup, 4D)
Batting: LHB Earl Wigfall 0-0: Called Strike
0-1: Foul Ball, location: 2F
0-2: Foul Ball, location: 2F
0-2: Ball
1-2: Foul Ball, location: 2F
1-2: Ball
2-2: Foul Ball, location: 2F
2-2: Foul Ball, location: 2F
2-2: Foul Ball, location: 2F
2-2: Ground out 4-3 (Groundball, 4)
Jeff Chambers to third
Batting: LHB Edwin Ryan 0-0: Ball
1-0: Called Strike
1-1: Ball
2-1: Called Strike
2-2: Strikes out looking
Bottom of the 7th over - 5 runs, 3 hits, 0 errors, 1 left on base; Chattanooga 0 - Amarillo 9
TOP OF THE 8TH
Chattanooga Chinpokomon batting - Pitching for Amarillo Archdukes : RHP Robinson Alomar
Batting: RHB Jesús Tisnado 0-0: Ball
1-0: Called Strike
1-1: Ball
2-1: SOLO HOME RUN (Flyball, 7D), Distance : 345 ft
Batting: LHB Elvin Summers 0-0: Called Strike
0-1: Ball
1-1: Ball
2-1: Ground out 1-3 (Groundball, P)
Batting: RHB Luis Antonio Velásquez 0-0: Ground out U3 (Groundball, 34S)
Batting: RHB Cristo García 0-0: Ball
1-0: Ball
2-0: Fly out, F8 (Flyball, 89D)
Top of the 8th over - 1 run, 1 hit, 0 errors, 0 left on base; Chattanooga 1 - Amarillo 9
BOTTOM OF THE 8TH
Amarillo Archdukes batting - Pitching for Chattanooga Chinpokomon : LHP Félix García
Batting: RHB Dennis Garner 0-0: Ball
1-0: Swinging Strike
1-1: Swinging Strike
1-2: Strikes out looking
Batting: LHB Michael Cook 0-0: Ball
1-0: Called Strike
1-1: Ball
2-1: Foul Ball, location: 2F
2-2: Strikes out swinging passed ball, reaches first!
Batting: LHB John Frost 0-0: Called Strike
0-1: Ball
1-1: Foul Ball, location: 2F
1-2: Strikes out looking
Batting: LHB José Martínez 0-0: Called Strike
0-1: Called Strike
Throwing error on steal attempt, E2
Michael Cook to third
0-2: Foul Ball, location: 2F
0-2: Strikes out looking
Bottom of the 8th over - 0 runs, 0 hits, 1 error, 1 left on base; Chattanooga 1 - Amarillo 9
TOP OF THE 9TH
Chattanooga Chinpokomon batting - Pitching for Amarillo Archdukes : RHP Robinson Alomar
Batting: LHB José Costa 0-0: Ball
1-0: Ball
2-0: Ball
3-0: Base on Balls
Batting: RHB Patrick Potts 0-0: Called Strike
0-1: Ball
1-1: Foul Ball, location: 2F
1-2: Strikes out swinging
Pitching: LHP Tim Davidson
Batting: RHB Ricardo Salazar 0-0: Ground out 5-3 (Groundball, 5S)
José Costa to second
Batting: RHB Ichizo Akiyama 0-0: Ball
1-0: Swinging Strike
1-1: Foul Ball, location: 2F
1-2: DOUBLE (Flyball, 8LXD)
José Costa scores
Batting: SHB Roberto Rivera 0-0: Ground out 3-1 (Groundball, 34)
Top of the 9th over - 1 run, 1 hit, 0 errors, 1 left on base; Chattanooga 2 - Amarillo 9
Saturday, December 16th, 2017 - OOTP Baseball 18.8 Build 76